 Dungeon Sprint DCSS version 0.30-a0-1085-g990a428a5c (webtiles) character file.

Game seed: 5863556755519835018

1510 Conn the Arsonist (level 8, -9/47 HPs)
             Began as an Octopode Fire Elementalist on Apr 16, 2023.
             Was a Follower of Sif Muna.
             Shot with an arrow by a centaur warrior (13 damage)
             ... in the Dungeon (Sprint I: "Red Sonja").
             The game lasted 00:11:37 (663 turns).

Conn the Arsonist (Octopode Fire Elementalist)       Turns: 663, Time: 00:11:37

Health: -9/47      AC:  1    Str:  7    XL:     8   Next: 83%
Magic:  15/22      EV: 15    Int: 20    God:    Sif Muna [*.....]
Gold:   777        SH:  0    Dex: 12    Spells: 17/27 levels left

rFire   . . .      SeeInvis .    g - +5 scythe (vamp)
rCold   . . .      Faith    .    (shield currently unavailable)
rNeg    . . .      Spirit   .    (helmet restricted)
rPois   .          Reflect  .    (no amulet)
rElec   .          Rampage  .    (no ring)
rCorr   .          NoTele   +    (no ring)
Will    .....                    (no ring)
Stlth   +++++                    (no ring)
HPRegen 0.27/turn                (no ring)
MPRegen 0.18/turn                (no ring)
                                 (no ring)
                                 (no ring)

@: no status effects
A: almost no armour, amphibious, 8 rings, camouflage 1, gelatinous body 1,
(nimble swimmer 1), tentacles
a: Renounce Religion, Channel Magic


You were in the Dungeon.
You worshipped Sif Muna.
Sif Muna was aware of your devotion.
You visited 1 branch You collected 777 gold pieces.

Inventory:

Hand Weapons
 g - a +5 vampiric scythe (weapon)
 h - a +2 short sword of distortion
Missiles
 i - 2 curare-tipped darts (quivered)
Wands
 d - a wand of iceblast (1)
Scrolls
 f - a scroll of blinking
 j - a scroll of immolation {unknown}
 k - a scroll of torment {unknown}
Potions
 a - 3 potions of magic
 b - 4 potions of curing
 e - a potion of berserk rage


   Skills:
 + Level 0.8 Fighting
 + Level 2.2 Polearms
 + Level 5.6 Dodging
 + Level 8.2 Stealth
 + Level 10.3 Spellcasting
 + Level 3.6 Conjurations
 + Level 2.6 Hexes
 + Level 12.8 Fire Magic
 + Level 2.2 Evocations


You had 17 spell levels left.
You knew the following spells:

 Your Spells              Type           Power      Damage    Failure   Level
a - Foxfire               Conj/Fire      100%       2x1d9     1%          1
c - Inner Flame           Hex/Fire       41%        N/A       1%          3
d - Flame Wave            Conj/Fire      43%        2d11      2%          4
e - Scorch                Fire           100%       2d9       1%          2

Your spell library contained the following spells:

 Spells                   Type           Power      Damage    Failure   Level
 Volatile Blastmotes      Fire/Tloc      70%        2d15      1%          3


Dungeon Overview and Level Annotations

Branches:
Dungeon (1/1)

Altars:
Cheibriados
Dithmenos
Elyvilon
Fedhas
Gozag
Hepliaklqana
Kikubaaqudgha
Nemelex Xobeh
Okawaru
Qazlal
Ru
Sif Muna
Trog
Uskayaw
Vehumet
Wu Jian
Yredelemnul
Zin
The Shining One

Shops:
D [([


Innate Abilities, Weirdness & Mutations

You cannot wear most types of armour.
You are amphibious.
You can wear up to eight rings at the same time.
Your skin changes colour to match your surroundings (Stealth+).
Your rubbery body absorbs attacks. (AC +1, EV +1)
((You are camouflaged when in or above water. (Stealth+)))
You have tentacles for arms and can constrict up to eight enemies at once.


Message History

Okay, then.
Which direction?
You close the door.
A centaur warrior opens the door.
Which direction?
You close the door.
A centaur warrior opens the door.
Okay, then.
Unknown command.
Casting: Scorch (safe; 1% risk of failure)
Confirm with . or Enter, or press ? or * to list all spells.
Okay, then.
You feel much better.
The centaur warrior is no longer moving slowly.
The centaur warrior shoots an arrow.
The arrow hits you!
You hear a shout!
Casting: Scorch (safe; 1% risk of failure)
Confirm with . or Enter, or press ? or * to list all spells.
Flames lash the centaur warrior.
The centaur warrior is burned terribly!
The centaur warrior is almost dead.
The centaur warrior shoots an arrow.
The arrow completely misses you.
The centaur warrior is engulfed in a cloud of scalding steam.
The centaur warrior shoots an arrow.
The arrow closely misses you.
Casting: Scorch (safe; 1% risk of failure)
Confirm with . or Enter, or press ? or * to list all spells.
Okay, then.
Unknown command.
Unknown command.
Okay, then.
Unknown command.
The centaur warrior shoots an arrow.
The arrow misses you.
There is an open door, spattered with blood here.
Okay, then.
The centaur warrior wields a +0 shortbow.
The centaur warrior shoots an arrow.
The arrow hits you!
* * * LOW HITPOINT WARNING * * *
The centaur warrior is engulfed in a cloud of scalding steam.
You kill the centaur warrior!
Sif Muna accepts your kill.
You hear a splash.
The centaur warrior shoots an arrow.
The arrow hits you!
You die...

#.)#####'#####'# ###
#..####..#...#)####§?#
#..#__####..##.#~§~.§#
#..#_____##'#_.+§§§§§+
#⌠⌠#_.∩...'..._#§c§.
####_..__##_.#§##'###
#_____###'#(#....###
############.####'###.##
#∩........'[..'.@...'(∩#
###++++####...##########
###.### #.#'#.# #.....#
#.....# #######


You could see a centaur warrior.

Vanquished Creatures
  A centaur warrior (D)
  Sonja (D)
  A deep troll (D)
  Sigmund (D)
  A yak (D)
  An ogre (D)
  A jelly (D)
  Ijyb (D)
  A ballistomycete spore (D)
9 creatures vanquished.

Vanquished Creatures (others)
  A ballistomycete spore (D)
  23 foxfires (D)
24 creatures vanquished.

Grand Total: 33 creatures vanquished

Notes
Turn   | Place    | Note
-------+----------+-------------------------------------------
     0 | D        | Conn the Octopode Fire Elementalist began the quest for the
                  | Orb.
     0 | D        | Reached XP level 1. HP: 11/11 MP: 3/3
     1 | D        | Noticed Ijyb
    18 | D        | Killed Ijyb
    19 | D        | Reached skill level 5 in Fire Magic
    19 | D        | Reached XP level 2. HP: 6/17 MP: 0/5
    19 | D        | Reached XP level 3. HP: 7/21 MP: 0/7
    27 | D        | Learned a level 2 spell: Scorch
    31 | D        | Learned a level 3 spell: Inner Flame
    97 | D        | Noticed an ogre
   103 | D        | Killed an ogre
   104 | D        | Reached skill level 7 in Fire Magic
   104 | D        | Reached XP level 4. HP: 27/27 MP: 0/10
   185 | D        | Noticed Sigmund
   193 | D        | Killed Sigmund
   194 | D        | Reached skill level 5 in Stealth
   194 | D        | Reached skill level 9 in Fire Magic
   194 | D        | Reached XP level 5. HP: 12/31 MP: 1/13
   194 | D        | Reached XP level 6. HP: 14/36 MP: 1/15
   306 | D        | Found a shimmering blue altar of Sif Muna.
   307 | D        | Found an ornate altar of the Wu Jian Council.
   308 | D        | Found a radiant altar of Vehumet.
   312 | D        | Became a worshipper of Sif Muna the Loreminder
   315 | D        | Reached skill level 1 in Evocations
   341 | D        | Found Catz's Weapon Emporium.
   341 | D        | Found an ancient bone altar of Kikubaaqudgha.
   341 | D        | Found a hazy altar of Hepliaklqana.
   341 | D        | Found a stormy altar of Qazlal.
   341 | D        | Found a hide-covered altar of Uskayaw.
   341 | D        | Found a blossoming altar of Fedhas.
   341 | D        | Found a bloodstained altar of Trog.
   341 | D        | Found an iron altar of Okawaru.
   341 | D        | Found a basalt altar of Yredelemnul.
   341 | D        | Found a glowing golden altar of the Shining One.
   341 | D        | Found a snail-covered altar of Cheibriados.
   341 | D        | Found a sacrificial altar of Ru.
   341 | D        | Found a glowing silver altar of Zin.
   341 | D        | Found a shadowy altar of Dithmenos.
   341 | D        | Found a white marble altar of Elyvilon.
   341 | D        | Noticed a yak
   346 | D        | Killed a yak
   347 | D        | Reached skill level 5 in Dodging
   347 | D        | Reached skill level 10 in Fire Magic
   347 | D        | Reached XP level 7. HP: 41/41 MP: 8/17
   350 | D        | Found an opulent altar of Gozag.
   351 | D        | Found a sparkling altar of Nemelex Xobeh.
   415 | D        | Learned a level 4 spell: Flame Wave
   418 | D        | Noticed Sonja
   420 | D        | Killed Sonja
   420 | D        | Reached * piety under Sif Muna
   421 | D        | Reached skill level 1 in Polearms
   421 | D        | Reached skill level 11 in Fire Magic
   421 | D        | Reached XP level 8. HP: 47/47 MP: 11/21
   529 | D        | Found Wexoac's Antique Armour Boutique.
   549 | D        | Noticed a deep troll
   561 | D        | Killed a deep troll
   562 | D        | Reached skill level 10 in Spellcasting
   562 | D        | Reached skill level 12 in Fire Magic
   624 | D        | Found Siamnytt's Armour Emporium.
   648 | D        | Noticed a centaur warrior
   658 | D        | Noticed a centaur warrior
   663 | D        | Killed a centaur warrior
   663 | D        | Shot with an arrow by a centaur warrior

Illustrated notes

Levels and vault maps discovered:
D:        dungeon_sprint_1 [red_sonja_temple_1, red_sonja_temple_small_1]

Skill      XL: |  1  2  3  4  5  6  7  8 |
---------------+-------------------------+-----
Stealth        | 3 4 5 6 7 8 |  8.2
Fire Magic     | 5 7 9 10 11 12 | 12.8
Dodging        | 4 5 |  5.6
Spellcasting   | 4 6 7 9 10 | 10.3
Conjurations   | 2 3 |  3.6
Evocations     | 1 2 |  2.2
Polearms       | 1 2 |  2.2
Hexes          | 2 |  2.6
Fighting       | |  0.8

Action                     |  1- 3 |  4- 6 |  7- 9 || total
---------------------------+-------+-------+-------++-------
  Melee: Unarmed           |    12 |       |       ||    12
         Tentacles         |     4 |       |       ||     4
         Constrict         |     1 |       |       ||     1
         Halberd           |       |     1 |       ||     1
  Throw: Dart              |       |       |     2 ||     2
   Cast: Foxfire           |     3 |     2 |     8 ||    13
         Scorch            |     2 |     7 |     7 ||    16
         Inner Flame       |     1 |     1 |     2 ||     4
  Evoke: Wand              |     1 |     1 |       ||     2
    Use: Potion            |     1 |       |     1 ||     2
   Stab: Sleeping          |       |     1 |       ||     1
  Dodge: Dodged            |     5 |     2 |     3 ||    10

Table legend: (Time is in decaauts)
 A = Elapsed time spent in this place.
 B = Non-inter-level travel time spent in this place.
 C = Inter-level travel time spent in this place.
 D = Time resting spent in this place.
 E = Time spent auto-exploring this place.
 F = Levels seen in this place.
 G = Mean time per level.
                   A        B        C        D        E       F      G
               +--------+--------+--------+--------+--------+-----+--------+
         Total |    647 |    647 |      0 |    357 |      0 |   1 |  647.0 |
       Dungeon |    647 |    647 |      0 |    357 |      0 |   1 |  647.0 |
               +--------+--------+--------+--------+--------+-----+--------+

Top non-repeatable levels by time:
       D: 647 daAuts
